 Dungeon Crawl Stone Soup version 0.19.5 (webtiles) character file.

406 Shoikan the Basher (level 6, -9/52 HPs)
             Began as a Minotaur Berserker on Mar 20, 2017.
             Was a Priest of Trog.
             Mangled by an orc warrior
             ... wielding a +0 trident
              (10 damage)
             ... on level 4 of the Dungeon.
             The game lasted 00:14:53 (2883 turns).

Shoikan the Basher (Minotaur Berserker)             Turns: 2883, Time: 00:14:53

Health: -9/52      AC: 10    Str: 21    XL:     6   Next: 56%
Magic:  5/5        EV:  8    Int:  2    God:    Trog [***...]
Gold:   139        SH:  3    Dex: 15    Spells: 0 memorised, 5 levels left

rFire  . . .     SeeInvis .     h - +1 flail (holy)
rCold  . . .     Gourm    .     u - +0 chain mail
rNeg   . . .     Faith    .     b - +0 buckler
rPois  .         Spirit   .     (helmet restricted)
rElec  .         Reflect  .     (no cloak)
rCorr  .         Harm     .     r - +0 pair of gloves
MR     .....                    (no boots)
Stlth  ..........               (no amulet)
                                (no ring)
                                i - +3 ring of dexterity

@: lethally poisoned (-9 -> -12)
A: retaliatory headbutt, horns 2, blurry vision 1, dopey 1
a: Berserk, Trog's Hand, Burn Spellbooks, Renounce Religion


You were on level 4 of the Dungeon.
You worshipped Trog.
Trog was most pleased with you.
You were not hungry.

You visited 1 branch of the dungeon, and saw 4 of its levels.

You collected 139 gold pieces.

Inventory:

Hand Weapons
 h - a +1 flail of holy wrath (weapon)
Armour
 b - a +0 buckler (worn)
 r - a +0 pair of gloves (worn)
 u - a +0 chain mail (worn)
Jewellery
 i - a +3 ring of dexterity (left hand)
 v - a cursed -2 ring of strength {unknown}
Wands
 a - a wand of paralysis (11/24)
Scrolls
 e - 4 scrolls of remove curse
 k - 3 scrolls of immolation
 o - a scroll of enchant armour
 p - a scroll of enchant weapon
 q - a scroll of fog {unknown}
 t - a scroll of identify
Potions
 f - 3 potions of flight
 s - a potion of agility
Comestibles
 c - 6 bread rations
 d - a meat ration
 g - a chunk of flesh
 j - 2 beef jerkies
 l - a slice of pizza
 n - 3 fruits


   Skills:
 - Level 3.9 Fighting
 + Level 8.8 Maces & Flails
 - Level 2.5 Armour
 - Level 2.3 Dodging


You had 5 spell levels left.
You didn't know any spells.

Dungeon Overview and Level Annotations

Branches:
Dungeon (4/15)
 Temple: D:4-7

Altars:
Cheibriados
Fedhas
Kikubaaqudgha
Uskayaw
The Shining One


Innate Abilities, Weirdness & Mutations

You reflexively headbutt those who attack you in melee.
You have a pair of horns on your head.
Scrolls take you a little longer to read.
You are dopey. (Int -2)


Message History

The orc warrior closely misses you.
You thump the leopard gecko skeleton!
You destroy the leopard gecko skeleton!
Trog accepts your kill.
You feel sick.
The orc warrior hits you from afar with a trident!!
* * * LOW HITPOINT WARNING * * *
The orc warrior hits you but does no damage.
There is an open door here.
Things that are here:
a frilled lizard corpse; a leopard gecko corpse You feel sick.
The orc warrior hits you from afar with a trident!
* * * LOW HITPOINT WARNING * * *
Okay, then.
Unknown command.
You feel extremely strange.
Your vision blurs.
You feel stupid.
The orc warrior hits you from afar with a trident!
You die...

#.###....## #.#.#.#
#.#......## ##.#.# #
......##..####..#.#..
.....................#
.....###################
.....####.......)# #...##
.....##......#...##.....#
.....##.....##...#..[....
.....#......##..@†.......
..........####...#o......
.....###### #...##....$#
.....# #)..# #...##
###..# #...# #### #..#
#...# #..# +...# #..#
#...# ...


You could see an orc warrior.

Vanquished Creatures
  Eustachio (D:4)
  A hound (D:3)
  A jelly (D:3)
  An orc priest (D:3)
  An orc wizard (D:3)
  A worker ant (D:4)
  Robin (D:2)
  2 adders
  An ooze (D:2)
  An adder skeleton (D:4)
  4 worms
  4 leopard geckos
  10 orcs
  A ball python (D:3)
  2 giant cockroaches
  14 goblins
  8 hobgoblins
  2 jackals (D:4)
  10 kobolds
  A quokka (D:2)
  4 bats
  3 frilled lizards
  A leopard gecko skeleton (D:4)
  A quokka skeleton (D:4)
  4 rats
80 creatures vanquished.

Notes
Turn   | Place    | Note
-------+----------+-------------------------------------------
     0 | D:1      | Shoikan the Minotaur Berserker began the quest for the Orb.
     0 | D:1      | Reached XP level 1. HP: 19/19 MP: 0/0
   201 | D:1      | Reached XP level 2. HP: 24/27 MP: 1/1
   317 | D:1      | Reached skill level 4 in Maces & Flails
   779 | D:2      | Reached XP level 3. HP: 33/33 MP: 2/2
   822 | D:2      | Noticed Robin
   833 | D:2      | Reached skill level 5 in Maces & Flails
   835 | D:2      | Reached ** piety under Trog
   839 | D:2      | Killed Robin
  1000 | D:2      | Found a hide-covered altar of Uskayaw.
  1093 | D:2      | Reached XP level 4. HP: 38/40 MP: 3/3
  1242 | D:2      | Found a snail-covered altar of Cheibriados.
  1263 | D:2      | Found a glowing golden altar of the Shining One.
  1441 | D:2      | You fall through a shaft!
  1669 | D:2      | Found a faded altar of an unknown god.
  1669 | D:2      | Found a faded altar of an unknown god.
  1678 | D:2      | Found a blossoming altar of Fedhas.
  1680 | D:2      | Found a faded altar of an unknown god.
  1682 | D:2      | Found a faded altar of an unknown god.
  1874 | D:3      | Reached skill level 6 in Maces & Flails
  1881 | D:3      | Reached XP level 5. HP: 46/46 MP: 4/4
  2233 | D:3      | Reached skill level 7 in Maces & Flails
  2365 | D:3      | Reached *** piety under Trog
  2402 | D:3      | Found an ancient bone altar of Kikubaaqudgha.
  2687 | D:4      | Noticed Eustachio
  2693 | D:4      | Killed Eustachio
  2693 | D:4      | Reached skill level 8 in Maces & Flails
  2693 | D:4      | Reached XP level 6. HP: 52/52 MP: 5/5
  2865 | D:4      | Noticed an orc warrior
  2882 | D:4      | HP: 1/52 [orc warrior/trident (11)]
  2883 | D:4      | Gained mutation: Scrolls take you a little longer to read. [potion of mutation]
  2883 | D:4      | Gained mutation: You are dopey. (Int -2) [potion of mutation]
  2883 | D:4      | Mangled by an orc warrior

Skill      XL: |  1  2  3  4  5 |
---------------+----------------+-----
Maces & Flails | 4 5 6 8 |  8.8
Fighting       | |  3.9
Armour         | |  2.5
Dodging        | |  2.3

Action                   |  1- 3 |  4- 6 || total
-------------------------+-------+-------++-------
Melee: Mace              |    52 |       ||    52
       Headbutt          |    14 |    22 ||    36
       Flail             |    15 |    90 ||   105
Invok: Berserk           |     1 |     1 ||     2
  Use: Scroll            |     1 |     9 ||    10
       Potion            |       |     1 ||     1
 Stab: Distracted        |     1 |       ||     1
  Eat: Chunk             |     2 |     6 ||     8
Armor: Animal skin       |     1 |       ||     1
       Scale mail        |    23 |    14 ||    37
       Chain mail        |       |    25 ||    25
Dodge: Dodged            |    51 |    69 ||   120
Block: Buckler           |       |     3 ||     3
